AoeStats
← GorbGorb

Fortress

510179124Analyzed
2v2 RM · 2d ago on Sep 29, 2026· 54m 52s· 4 players
Game mode
Random Map
Map size
Normal (6 player)
Population
200
Speed
Normal
Resources
Standard
Victory
Conquest
Starting age
Dark Age
Ending age
Imperial Age
RankedLock teamsTeams togetherTeam positionsShared explorationLock speedFull tech treeHidden civsTurbo modeCheats
Victory
Defeat
🇬🇧 Spanish · United Kingdom
1033
+15
🇦🇷 Franks · Argentina
985
+17
🇩🇪 Romans · Germany
1010
-16
🇩🇪 Italians · Germany
1002
-16
GorbGorb
7:26 Feudal Age
8:49 Double-Bit Axe
8:46 Horse Collar
12:17 Castle Age
12:16 Wheelbarrow
13:49 Bow Saw
14:45 Heavy Plow
15:13 Fletching
16:06 Bodkin Arrow
18:30 Bloodlines
18:55 Light Cavalry
24:31 Padded Archer Armor
25:26 Thumb Ring
26:01 Loom
26:35 Town Watch
28:54 Husbandry
29:51 Leather Archer Armor
30:17 Town Patrol
32:09 Coinage
35:14 Imperial Age
34:42 Gold Mining
39:36 Bracer
40:06 Ring Archer Armor
39:42 Scale Barding Armor
39:47 Forging
41:52 Chemistry
41:12 Ballistics
44:10 Chain Barding Armor
45:34 Conscription
46:29 Iron Casting
46:08 Hussar
49:09 Hand Cart
48:50 Elite Skirmisher
50:41 Plate Barding Armor
51:05 Caravan
Pyrox
7:35 Feudal Age
11:46 Castle Age
10:49 Double-Bit Axe
11:13 Town Watch
12:07 Wheelbarrow
11:55 Gold Mining
11:32 Man-at-Arms
13:47 Long Swordsman
15:12 Loom
16:58 Bow Saw
16:38 Horse Collar
17:44 Scale Mail Armor
19:59 Chain Mail Armor
21:18 Heavy Plow
21:28 Squires
25:03 Gold Shaft Mining
24:19 Stone Mining
25:14 Ballistics
25:11 Pikeman
26:05 Forging
26:03 Scale Barding Armor
26:16 Town Patrol
27:28 Hand Cart
31:56 Imperial Age
33:22 Conscription
33:55 Chain Barding Armor
34:10 Iron Casting
34:16 Halberdier
35:27 Capped Ram
39:01 Blast Furnace
42:52 Chemistry
42:14 Siege Engineers
43:26 Ballistas
44:05 Comitatenses
45:03 Heavy Scorpion
45:09 Siege Ram
46:59 Crop Rotation
46:44 Murder Holes
50:21 Legionary
50:56 Legionary
51:11 Legionary
Platypus
7:22 Feudal Age
8:45 Loom
12:18 Castle Age
10:59 Gold Mining
11:40 Horse Collar
13:47 Bloodlines
17:37 Town Watch
21:09 Wheelbarrow
21:14 Padded Archer Armor
23:13 Leather Archer Armor
27:11 Imperial Age
25:00 Fletching
24:45 Elite Skirmisher
25:47 Thumb Ring
28:27 Ring Archer Armor
28:24 Conscription
28:50 Light Cavalry
29:06 Pikeman
29:49 Scale Mail Armor
29:40 Double-Bit Axe
31:53 Hand Cart
32:54 Bodkin Arrow
33:21 Forging
35:58 Chain Mail Armor
37:32 Bracer
40:25 Iron Casting
41:52 Ballistics
42:59 Blast Furnace
45:39 Arson
45:40 Gambesons
46:27 Plate Mail Armor
46:09 Halberdier
46:52 Squires
49:09 Bow Saw
49:00 Heavy Plow
52:53 Chemistry
51:58 Capped Ram
Pompi94
3:39 Loom
6:43 Feudal Age
6:52 Loom
8:13 Loom
10:07 Wheelbarrow
13:27 Gold Mining
15:54 Castle Age
14:14 Double-Bit Axe
16:43 Forging
17:50 Gold Shaft Mining
17:23 Husbandry
23:33 Scale Mail Armor
24:50 Scale Barding Armor
30:19 Imperial Age
30:11 Hand Cart
30:40 Bow Saw
31:31 Conscription
30:34 Cavalier
31:32 Stone Mining
33:23 Iron Casting
34:38 Heavy Scorpion
37:19 Hoardings
37:27 Elite Throwing Axeman
37:39 Paladin
38:13 Fletching
41:07 Blast Furnace
40:22 Chain Mail Armor
41:52 Chain Barding Armor
43:39 Chemistry
46:04 Plate Mail Armor
46:10 Plate Barding Armor
48:17 Masonry
51:59 Padded Archer Armor
51:54 Bodkin Arrow
Connection lost

Rejoining the realm…

Still unreachable

The connection could not be restored.

Session expired

The server has moved on; the page needs a fresh start.